 Dungeon Crawl Stone Soup version bcrawl-1.19.2-6-g6a88ae04c9 (webtiles) character file.

Game seed: 13434655468583173167

87 Mrkan the Covered (level 4, -2/29 HPs)
             Began as a Gargoyle Fighter on Dec 24, 2019.
             Slain by an iguana (7 damage)
             ... on level 2 of the Dungeon.
             The game lasted 00:02:06 (1050 turns).

Mrkan the Covered (Gargoyle Fighter)                Turns: 1050, Time: 00:02:07

Health: -2/29      AC: 15    Str: 20    XL:     4   Next: 51%
Magic:  4/4        EV:  3    Int:  9    God:
Gold:   59         SH:  9    Dex:  9    Spells: 3/3 levels left

rFire    . . .     SeeInvis .   a - +0 flail
rCold    . . .     Gourm    .   c - +0 shield
rNeg     + . .     Faith    .   j - +0 plate armour
rPois    ∞         Spirit   .   (no helmet)
rElec    +         Reflect  .   (no cloak)
rCorr    .         Harm     .   (no gloves)
MR       .....                  (no boots)
Stlth    ..........             (no amulet)
HPRegen  0.09/turn              (no ring)
MPRegen  0.09/turn              (no ring)

@: no status effects
A: negative energy resistance 1, electricity resistance, unbreathing,
petrification resistance, rot immunity, AC +3
a: no special abilities


You were on level 2 of the Dungeon.
You were not hungry.

You visited 1 branch of the dungeon, and saw 2 of its levels.

You collected 59 gold pieces.

Inventory:

Hand Weapons
 a - a +0 flail (weapon)
Armour
 c - a +0 shield (worn)
 j - a +0 plate armour (worn)
Scrolls
 e - a scroll of enchant weapon {unknown}
 g - 4 scrolls of remove curse {unknown}
 h - a scroll of blinking {unknown}
Potions
 b - a potion of magic {unknown}
 d - a potion of might
Comestibles
 f - 3 rations {!d}
 i - 2 chunks of flesh


   Skills:
 + Level 3.8 Fighting
 * Level 3.2 Maces & Flails
 + Level 3.9 Armour
 + Level 3.8 Shields


You had 3 spell levels left.
You didn't know any spells.
Your spell library was empty.

Dungeon Overview and Level Annotations

Branches:
Dungeon (2/12)

Altars:
Yredelemnul


Innate Abilities, Weirdness & Mutations

You are resistant to torment.
Your stone body is resilient. (AC +3)
You are immune to poison.
You resist negative energy. (rN+)
You are resistant to electric shocks. (rElec)
You can survive without breathing.
You are immune to petrification.
You are immune to rotting.


Message History

The hobgoblin hits you but does no damage.
The iguana bites you.
* * * LOW HITPOINT WARNING * * *
A gnoll comes into view.
The gnoll shouts!
You block the bat's attack. The bat hits you but does no damage.
A gnoll comes into view.
You thump the hobgoblin!
You kill the hobgoblin!
You block the bat's attack. x2; The gnoll hits you but does no damage.
Your plate armour prevents you from hitting the goblin.
You block the bat's attack. x2; The bat hits you but does no damage.
The goblin hits you but does no damage. You block the gnoll's attack.
You block the goblin's attack.
You hit the goblin.
You kill the goblin!
You block the bat's attack. The bat hits you but does no damage.
You block the bat's attack. The gnoll hits you but does no damage.
The iguana bites you!
You die...

... #.. .. #.# #.# #.#
#. #.###.# #.#
.####.#...# ## #.#
..##......# ... #.#
#.##......# .... #.#
#.##......# ..... #)#
#.##......###g..... #.#
##...._....l@bgg....
#.###....†.....###g.....
#.##..#.#......# ...(.
#.#..##.######## ....
....###.# ... ....# #.#
.. ....# #.. # ....# ##.
....#


You could see an iguana, 4 gnolls and a bat.

Vanquished Creatures
  A howler monkey (D:2)
  2 worms
  2 dart slugs
  4 bats (D:1)
  4 goblins
  5 hobgoblins
  7 jackals (D:2)
  4 kobolds (D:1)
  4 frilled lizards (D:1)
  A quokka skeleton (D:2)
  5 rats
39 creatures vanquished.

Notes
Turn   | Place    | Note
-------+----------+-------------------------------------------
     0 | D:1      | Mrkan the Gargoyle Fighter began the quest for the Orb.
     0 | D:1      | Reached XP level 1. HP: 14/14 MP: 1/1
   174 | D:1      | Reached XP level 2. HP: 13/19 MP: 2/2
   602 | D:1      | Reached XP level 3. HP: 22/23 MP: 3/3
   987 | D:2      | Reached XP level 4. HP: 28/29 MP: 4/4
  1020 | D:2      | Found a basalt altar of Yredelemnul.
  1050 | D:2      | Slain by an iguana

Skill      XL: |  1  2  3 |
---------------+----------+-----
Maces & Flails | 3 |  3.2
Fighting       | |  3.8
Armour         | |  3.9
Shields        | |  3.8

Action                   |  1- 3 |  4- 6 || total
-------------------------+-------+-------++-------
Melee: Flail             |   148 |    23 ||   171
  Eat: Chunk             |     1 |       ||     1
Armor: Scale mail        |    52 |       ||    52
       Plate armour      |    94 |    34 ||   128
Dodge: Dodged            |    56 |     5 ||    61
Block: Shield            |   110 |    26 ||   136
